[Event "Polish Ekstraliga 2024"]
[Site "Walbrzych"]
[Date "2024.10.09"]
[Round "3.21"]
[White "Dzida, Kamil"]
[Black "Piorun, Kacper"]
[Result "1/2-1/2"]
[ECO "B12"]
[WhiteElo "2384"]
[BlackElo "2581"]
[Annotator "TA"]
[PlyCount "108"]
[EventDate "2024.10.05"]
[EventType "team-tourn"]
[EventCountry "POL"]
[SourceTitle "playchess.com"]
[Source "ChessBase"]
[SourceQuality "1"]
[WhiteTeam "Gorzow Wlkp"]
[BlackTeam "Katowice"]
[TimeControl "40/5400+30:1800+30"]

1. e4 c6 2. d4 d5 3. e5 Bf5 4. Nc3 a6 5. Nce2 e6 6. Ng3 Bg6 7. h4 h6 8. h5 Bh7 9. c4 (9. c3 $11) 9... dxc4 10. Bxc4 c5 11. Nf3 cxd4 12. Qxd4 Nc6 13. Qxd8+ Rxd8 14. Bd2 Bc5 15. Rc1 Nge7 16. Rh4 Ba7 17. Rg4 Kf8 18. Rf4 Nd5 19. Bxd5 Rxd5 20. Ne4 Ke7 (20... Nxe5 $2 {ist das falsche Schlagen.} 21. Rc8+ Ke7 22. Rxh8 $18 (22. Bb4+ Kd7 $18)) (20... Bxe4 {vereinfacht} 21. Rxe4 Kg8 22. Rf4 Rd7) 21. Bc3 Bxe4 22. Rxe4 Rhd8 23. Rg4 Kf8 (23... Bb8 {vereinfacht} 24. Re4 Rc8 25. Rd1 Rxd1+ 26. Kxd1 Rd8+) 24. Ke2 Kg8 25. Re4 Bc5 26. Rc2 R8d7 27. b3 a5 28. Rc4 Bb6 29. Rd2 Kh7 30. Rg4 Re7 31. Re4 Bc7 32. Rc2 Rc5 33. Rc4 Rd5 34. Re4 Re8 35. Rd2 Red8 36. Re3 Kg8 37. Re4 {[%emt 0:00:10] Die Stellung ist ausgeglichen.} Kf8 38. g3 Bb6 39. Rc4 Ra8 40. Ra4 Bc7 41. Rc4 Bb6 42. Ra4 Rad8 43. Re4 Bc5 44. a4 Kg8 45. Rg4 $1 Kf8 46. Re4 Rb8 47. Rc4 {[%emt 0:00:15] [#] Rxd5 wäre nun fies.} b6 48. Bb2 Rbd8 49. Bc3 Kg8 50. Rg4 Kf8 51. Rc4 Ke8 52. Rg4 Bf8 53. Rc4 Bc5 54. Rg4 Kf8 {[%emt 0:01:07] Gewichteter Fehlerwert: Weiß=0.07 (makellos) /Schwarz=0.07 (makellos) .  Fehler:       	Weiß=1     	---        Ungenau:       	---       	Schwarz=2     OK:         	Weiß=21    	Schwarz=12    Bester:       	Weiß=1     	---        Stark:        	Weiß=1     	---} 1/2-1/2

[Event "Polish Ekstraliga 2024"]
[Site "Walbrzych"]
[Date "2024.10.09"]
[Round "3.22"]
[White "Klimkowski, Jan"]
[Black "Koziorowicz, Michal"]
[Result "1/2-1/2"]
[ECO "C02"]
[WhiteElo "2477"]
[BlackElo "2289"]
[Annotator "TA"]
[PlyCount "53"]
[EventDate "2024.10.05"]
[EventType "team-tourn"]
[EventCountry "POL"]
[SourceTitle "playchess.com"]
[Source "ChessBase"]
[SourceQuality "1"]
[WhiteTeam "Katowice"]
[BlackTeam "Gorzow Wlkp"]
[TimeControl "40/5400+30:1800+30"]

1. e4 e6 2. d4 d5 3. e5 c5 4. c3 Nc6 5. Nf3 Bd7 6. Be2 Nge7 7. Na3 cxd4 8. cxd4 Nf5 9. Nc2 Be7 10. g3 Qb6 11. h4 Nb4 12. Nxb4 Bxb4+ 13. Kf1 Bb5 (13... h5 {simplifies} 14. a3 Be7 15. a4 O-O) 14. g4 (14. h5 {simplifies} h6 15. Kg2 Qa6 16. Bxb5+ Qxb5 17. a3) 14... Bxe2+ 15. Kxe2 Qa6+ 16. Qd3 Qxd3+ 17. Kxd3 Ne7 18. h5 h6 19. Nh4 Rc8 20. f4 g6 21. Ng2 Ba5 22. a3 gxh5 {[%emt 0:05:00] The position is equal.} 23. Rxh5 Rg8 24. Ne3 ({Don't play} 24. Rxh6 Rxg4 25. Ne3 Rxf4 26. Rh8+ Kd7 27. Rxc8 Nxc8 (27... Kxc8 28. Nxd5 Nxd5 29. Bxf4 $11) 28. Nxd5 Rf1 $17) 24... Ng6 25. Ng2 (25. Rxh6 $2 Nxf4#) 25... Ne7 26. Ne3 ({Reject} 26. Rxh6 Rxg4 27. Ne3 Rg3 (27... Rxf4 28. Rh8+ Kd7 29. Rxc8 $17) 28. Rh8+ Kd7 $17) 26... Ng6 27. Ng2 {[%emt 0:00:37] Weighted Error Value: White=0.14 (very precise) /Black=0.09 (flawless) .  Inaccurate:     	White=2     	Black=2      OK:         	White=6     	Black=5      Best:        	White=1     	Black=3} (27. Rxh6 $2 Nxf4#) 1/2-1/2

[Event "Polish Ekstraliga 2024"]
[Site "Walbrzych"]
[Date "2024.10.09"]
[Round "3.23"]
[White "Rog, Bartlomiej"]
[Black "Seemann, Jakub"]
[Result "0-1"]
[ECO "A06"]
[WhiteElo "2257"]
[BlackElo "2489"]
[Annotator "TA"]
[PlyCount "76"]
[EventDate "2024.10.05"]
[EventType "team-tourn"]
[EventCountry "POL"]
[SourceTitle "playchess.com"]
[Source "ChessBase"]
[SourceQuality "1"]
[WhiteTeam "Gorzow Wlkp"]
[BlackTeam "Katowice"]
[TimeControl "40/5400+30:1800+30"]

1. Nf3 d5 2. g3 Nc6 3. d4 Bf5 4. Bg2 Nb4 5. Na3 e6 6. O-O Be7 7. c3 Nc6 8. Nc2 Nf6 9. Bf4 {[%emt 0:00:13] White has an edge.} O-O 10. h3 a5 11. a4 h6 12. Re1 Bd6 13. Bxd6 Qxd6 14. Nd2 Ne7 15. Na3 c6 16. e3 Qc7 17. Rc1 Rad8 18. Qb3 Rb8 19. c4 Qd6 20. Qc3 Ra8 21. Nc2 Rfc8 22. Qa3 Qd7 23. Na1 Rd8 24. Nab3 Nc8 25. Nc5 Qc7 26. Qb3 Nd6 27. Nd3 Qe7 28. Ne5 Nfe4 29. Nxe4 Nxe4 30. Nd3 {[%emt 0:01:06] Repels Qb4} (30. cxd5 $11 exd5 31. Qd1) 30... Nd2 $1 $17 31. Qc3 Nxc4 {[%emt 0:01:45] Black is much more active.} 32. e4 (32. Bf1 $17 {was worth a try.}) 32... Bxe4 $19 33. Bxe4 dxe4 34. Rxe4 Nb6 35. Qd2 (35. b3 $17) 35... Nd5 (35... Nxa4 $19 36. d5 Nb6 (36... cxd5 $2 {loses.} 37. Rxa4 b6 38. Rg4 $18) 37. dxe6 fxe6) 36. Ne5 $17 Nf6 37. Rf4 Rd5 38. Rc5 $2 {[%emt 0:02:17][%mdl 8192] [#]} (38. Qe3 $17) 38... Qxc5 {[%emt 0:00:18] Weighted Error Value: White=0.34/Black=0.05 (flawless) .  Loses game:     	White=1     	---        Mistake:       	White=3     	Black=1      Inaccurate:     	White=1     	---        OK:         	White=12    	Black=11     Best:        	---       	Black=2} 0-1

[Event "Polish Ekstraliga 2024"]
[Site "Walbrzych"]
[Date "2024.10.09"]
[Round "3.24"]
[White "Socko, Monika"]
[Black "Siekanska, Maria"]
[Result "1-0"]
[ECO "C44"]
[WhiteElo "2419"]
[BlackElo "2149"]
[Annotator "RC"]
[PlyCount "69"]
[EventDate "2024.10.05"]
[EventType "team-tourn"]
[EventCountry "POL"]
[SourceTitle "playchess.com"]
[Source "ChessBase"]
[SourceQuality "1"]
[WhiteTeam "Katowice"]
[BlackTeam "Gorzow Wlkp"]
[TimeControl "40/5400+30:1800+30"]

1. e4 e5 2. Nf3 Nc6 3. d4 exd4 4. Nxd4 Qf6 5. Nf3 Bb4+ 6. c3 Bc5 7. Be2 h6 8. Nbd2 Nge7 9. O-O O-O 10. Rb1 a5 11. Nb3 Bb6 12. Nbd4 d5 13. Nxc6 Qxc6 14. e5 Bf5 15. Ra1 Qe6 16. Bf4 c5 17. Re1 Ng6 18. Bg3 a4 19. a3 Bc7 20. Bb5 Qb6 21. Bd3 Bg4 22. Bxg6 fxg6 23. Qxd5+ Kh7 24. Re2 Bxf3 25. gxf3 Rf5 26. Qe4 Re8 27. Qxa4 Re6 28. f4 g5 29. fxg5 hxg5 30. Rae1 Bb8 31. Qc4 Kh8 32. Rd1 Bxe5 33. Rd5 Qc7 34. Qd3 Qf7 35. Rdxe5 1-0

[Event "Polish Ekstraliga 2024"]
[Site "Walbrzych"]
[Date "2024.10.09"]
[Round "3.25"]
[White "Sowinski, Pawel"]
[Black "Volokitin, Andrei"]
[Result "0-1"]
[ECO "B90"]
[WhiteElo "2455"]
[BlackElo "2648"]
[Annotator "TA"]
[PlyCount "70"]
[EventDate "2024.10.05"]
[EventType "team-tourn"]
[EventCountry "POL"]
[SourceTitle "playchess.com"]
[Source "ChessBase"]
[SourceQuality "1"]
[WhiteTeam "Sedziszow Malopolski"]
[BlackTeam "Pegow"]
[TimeControl "40/5400+30:1800+30"]

1. e4 c5 2. Nf3 d6 3. d4 cxd4 4. Nxd4 Nf6 5. Nc3 a6 6. f3 e5 7. Nb3 Be7 8. Be3 O-O 9. Qd2 Be6 10. g4 d5 11. exd5 Nxd5 12. Nxd5 Bh4+ ({Much worse is} 12... Qxd5 13. Qxd5 Bxd5 14. Be2 $11) 13. Bf2 {[%emt 0:00:41] Black is slightly better.} Bxd5 14. Bxh4 Qxh4+ 15. Qf2 Qf6 {[%emt 0:16:40] Black is more active.} 16. Bg2 Nc6 17. O-O Ne7 18. f4 ({Better is} 18. Nc5) 18... exf4 19. Qd4 Qxd4+ 20. Nxd4 Bxg2 21. Kxg2 g5 22. Rfe1 Rfe8 23. Rad1 f6 24. c4 Ng6 25. c5 Rxe1 26. Rxe1 $19 {[%emt 0:00:01][%mdl 4096] Endgame. KRN-KRN} Rd8 27. Re4 Ne5 28. h3 Kf7 29. b4 Kg6 30. a4 h5 31. gxh5+ Kxh5 32. b5 axb5 33. axb5 Ra8 34. c6 bxc6 35. bxc6 Rc8 {[%emt 0:01:07] Weighted Error Value: White=0.26 (precise) /Black=0.02 (flawless) .  Mistake:       	White=1     	---        Inaccurate:     	White=4     	---        OK:         	White=3     	Black=19     Best:        	White=2     	Black=1} 0-1

[Event "Polish Ekstraliga 2024"]
[Site "Walbrzych"]
[Date "2024.10.09"]
[Round "3.26"]
[White "Lagarde, Maxime"]
[Black "Sernecki, Franciszek"]
[Result "1-0"]
[ECO "A18"]
[WhiteElo "2595"]
[BlackElo "2335"]
[Annotator "TA"]
[PlyCount "73"]
[EventDate "2024.10.05"]
[EventType "team-tourn"]
[EventCountry "POL"]
[SourceTitle "playchess.com"]
[Source "ChessBase"]
[SourceQuality "1"]
[WhiteTeam "Pegow"]
[BlackTeam "Sedziszow Malopolski"]
[TimeControl "40/5400+30:1800+30"]

1. c4 Nf6 2. Nc3 e6 3. e4 d5 4. cxd5 exd5 5. e5 Ne4 6. Nf3 Bf5 7. d3 Nxc3 8. bxc3 c5 {[%emt 0:04:09] The position is equal.} 9. d4 Nc6 10. Bd3 Bxd3 11. Qxd3 cxd4 12. Nxd4 Nxd4 13. cxd4 Bb4+ 14. Ke2 O-O 15. Rb1 Qa5 (15... Ba5 $1 $14) 16. a3 $36 {[%emt 0:17:58][%mdl 2048] White is on the roll.} Bc3 17. Rb5 (17. Be3 $16 {Threatens to win with Rb3.} Rac8 18. Rxb7) 17... Qa4 $14 18. Be3 Rac8 19. Rc1 (19. Rxb7 $16 {Rc1 is the strong threat.} Rc4 20. Rhb1 Qxa3 (20... Bxd4 $2 21. R7b4 $18) 21. Rb8) 19... b6 $1 20. Rxd5 (20. Rxc3 $2 {loses.} Rxc3 21. Qxc3 Qxb5+ 22. Qd3 Qa4 $19) 20... Qxa3 {[%emt 0:01:44] And now ...Qa2+ would win.} 21. Rb5 {[%emt 0:05:06] Active counter play!} Qa2+ (21... Qa4 $1 $14) 22. Rc2 $1 $16 Qa1 23. f4 ({White should try} 23. h3 $16) 23... Qe1+ $11 24. Kf3 {[%emt 0:00:04] Rc1 would now be deadly.} Bb4 25. Rc4 Rxc4 26. Qxc4 Bd2 (26... Qd1+ $11 27. Qe2 Qb3) 27. Qe2 $16 Qxe2+ 28. Kxe2 Bxe3 29. Kxe3 {[%emt 0:00:07][%mdl 4096] Endgame. KR-KR} Rd8 (29... Rb8 $16 30. d5 Kf8) 30. d5 $18 Kf8 31. Kd4 Ke7 $2 {[%emt 0:02:20] [#]} (31... Ke8 {is a better defense.} 32. Rb3 a5 33. Rxb6 Ra8) 32. d6+ $1 Ke6 $2 {[%emt 0:00:45] [#]} (32... Ke8 33. f5 h5) 33. f5+ $1 {[%emt 0:00:13][%mdl 512] White is clearly winning.} Kxf5 34. Kd5 h5 35. Rb2 g5 36. Rf2+ Kg6 37. Kc6 {[%emt 0:01:12] Weighted Error Value: White=0.37/Black=0.29 (precise) .  Mistake:       	White=3     	Black=6      Inaccurate:     	White=1     	Black=1      OK:         	White=10    	Black=14     Best:        	White=1     	Black=2      Strong:       	White=2     	Black=1      Brilliant:      	White=1     	---} (37. Rf6+ $142 Kg7 38. Kc6) 1-0

[Event "Polish Ekstraliga 2024"]
[Site "Walbrzych"]
[Date "2024.10.09"]
[Round "3.27"]
[White "Toczek, Grzegorz"]
[Black "Zilka, Stepan"]
[Result "0-1"]
[ECO "A46"]
[WhiteElo "2267"]
[BlackElo "2552"]
[Annotator "TA"]
[PlyCount "83"]
[EventDate "2024.10.05"]
[EventType "team-tourn"]
[EventCountry "POL"]
[SourceTitle "playchess.com"]
[Source "ChessBase"]
[SourceQuality "1"]
[WhiteTeam "Sedziszow Malopolski"]
[BlackTeam "Pegow"]
[TimeControl "40/5400+30:1800+30"]

1. d4 Nf6 2. Nf3 e6 3. c3 d5 4. Bf4 c5 5. e3 Nc6 6. Nbd2 Nh5 7. Be5 f6 8. Bg3 g6 9. Bd3 {[%emt 0:09:21] The position is equal.} Be7 10. a3 O-O 11. dxc5 Bxc5 12. b4 Be7 13. c4 d4 14. exd4 Nxd4 {[%emt 0:00:40] Black wants to play ...f5.} 15. O-O a5 16. b5 {[%emt 0:22:44] [#]} (16. Nxd4 $11 {keeps the balance.} Nxg3 17. hxg3 Qxd4 18. Nb3) 16... Nxb5 $1 17. Bxg6 hxg6 (17... Nc3 18. Bxh7+ Kg7 (18... Kxh7 19. Qc2+ f5 20. Qxc3 $11) 19. Qc2 Ne2+ 20. Kh1 Nexg3+ (20... f5 21. Be5+ Kxh7 22. Rad1 $15) 21. fxg3) 18. cxb5 Nxg3 19. hxg3 Qd3 {[%emt 0:01:59] Wards off Qc2} (19... e5 $15) 20. Re1 (20. Qa4 $11) 20... e5 $15 21. Qa4 Be6 22. g4 {[%emt 0:03:14][%cal Og4g5] [#]} g5 $1 {[%emt 0:04:36] Black has more active pieces.} 23. Re3 $1 Qd5 24. Rae1 {[%emt 0:00:10] [#]} Rac8 {[%emt 0:02:41] Prevents Qc2} 25. Ne4 Rc4 (25... Bxg4 $2 26. Nxf6+ (26. Qxa5 Bf5 $17) 26... Bxf6 27. Qxg4 $18) 26. Qxa5 Bxg4 27. Nexg5 Bc5 $19 28. Re4 fxg5 29. Rxc4 Bxf2+ $2 ({Inferior is} 29... Bxf3 30. Rxc5 Qxc5 31. Qd2 (31. gxf3 Rxf3 32. Qd2 Kf7 $11) 31... Bxg2 32. Qxg5+ (32. Kxg2 Rf4 $11) 32... Kh7 33. Qh4+ (33. Qxg2 $2 Rg8 $19) 33... Kg6 34. Qg3+ (34. Kxg2 Rf4 $11) 34... Kf6 35. Qxg2 $11 (35. Kxg2 Qxb5 36. Qf3+ Ke7 $11)) ({Black should try} 29... Qxc4 $19 30. Qd2 Bxf3 (30... Qxb5 $2 31. Qxg5+ Kh8 32. Qh4+ $18) 31. Rxe5 Kh8 32. Qxg5 Bxf2+ (32... Bxa3 $2 33. Qh6+ Kg8 34. Qg6+ Kh8 35. gxf3 $18) 33. Kh2 Qf4+ 34. Qxf4 Rxf4 35. gxf3 Rxf3 36. Re8+ Kg7) 30. Kxf2 $11 Bxf3 31. Qc3 $2 {[%emt 0:01:18][%mdl 8192] [#]} (31. Qb4 $1 $11 {and White has nothing to worry.} Qxc4 32. gxf3 Qxb4 33. axb4) 31... Qxc4 $3 $19 32. Qxc4+ Bd5+ 33. Kg3 Bxc4 34. Rxe5 {[%emt 0:00:01][%mdl 4096] Endgame. KRB-KR} Kf7 35. Rc5 $2 (35. Kg4 {might work better.}) 35... Be6 {[%emt 0:02:31] Black is clearly winning.} 36. Rxg5 Ra8 37. Rc5 Rxa3+ 38. Kf4 Kf6 39. Ke4 Ra4+ 40. Ke3 Rg4 41. Rc7 Bd5 42. g3 {[%emt 0:00:05] Weighted Error Value: White=0.42/Black=0.13 (very precise) .  Loses game:     	White=1     	---        Missed win:     	---       	Black=1      Mistake:       	White=4     	Black=1      Inaccurate:     	White=4     	Black=1      OK:         	White=10    	Black=9      Best:        	---       	Black=7      Strong:       	White=1     	Black=1      Brilliant:      	---       	Black=1} 0-1

[Event "Polish Ekstraliga 2024"]
[Site "Walbrzych"]
[Date "2024.10.09"]
[Round "3.28"]
[White "Moranda, Wojciech"]
[Black "Kyc, Jerzy"]
[Result "1/2-1/2"]
[ECO "D30"]
[WhiteElo "2559"]
[BlackElo "2253"]
[Annotator "RC"]
[PlyCount "87"]
[EventDate "2024.10.05"]
[EventType "team-tourn"]
[EventCountry "POL"]
[SourceTitle "playchess.com"]
[Source "ChessBase"]
[SourceQuality "1"]
[WhiteTeam "Pegow"]
[BlackTeam "Sedziszow Malopolski"]
[TimeControl "40/5400+30:1800+30"]

1. d4 d5 2. c4 c6 3. Nf3 Nf6 4. e3 e6 5. Nbd2 c5 6. cxd5 Nxd5 7. e4 Nb6 8. dxc5 Bxc5 9. Be2 Nc6 10. O-O O-O 11. Nb3 Bd6 12. Be3 e5 13. Rc1 Qe7 14. Bb5 Rd8 15. Bxc6 bxc6 16. Na5 Qe8 17. Nxc6 Rd7 18. Qb3 Rc7 19. Bxb6 Rxc6 20. Be3 Be6 21. Qd3 Rac8 22. Rxc6 Qxc6 23. b3 f6 24. h3 Rd8 25. Rc1 Qb7 26. Nd2 Be7 27. Qc2 Rc8 28. Nc4 Ba3 29. Rd1 Qa6 30. f3 h6 31. Rd3 Bf8 32. Rc3 Bb4 33. Rd3 Bf8 34. Rd2 Bb4 35. Rd1 Bf8 36. Qb2 Bxc4 37. bxc4 Qa4 38. Qb3 Rxc4 39. Rd8 Qxb3 40. axb3 Rc7 41. Ra8 a6 42. Kf1 Rc3 43. Ke2 Kf7 44. Rxa6 1/2-1/2

[Event "Polish Ekstraliga 2024"]
[Site "Walbrzych"]
[Date "2024.10.09"]
[Round "3.29"]
[White "Gesicki, Jacek"]
[Black "Plat, Vojtech"]
[Result "1/2-1/2"]
[ECO "B02"]
[WhiteElo "2210"]
[BlackElo "2488"]
[Annotator "TA"]
[PlyCount "124"]
[EventDate "2024.10.05"]
[EventType "team-tourn"]
[EventCountry "POL"]
[SourceTitle "playchess.com"]
[Source "ChessBase"]
[SourceQuality "1"]
[WhiteTeam "Sedziszow Malopolski"]
[BlackTeam "Pegow"]
[TimeControl "40/5400+30:1800+30"]

1. e4 Nf6 2. Nc3 d6 3. d4 e5 4. dxe5 dxe5 5. Qxd8+ Kxd8 6. f3 Be6 7. Be3 c6 8. h4 Nbd7 9. Nh3 h6 {[%emt 0:02:57] Dodges Ng5} 10. Nf2 Bc5 11. Bxc5 Nxc5 12. Nd3 Nxd3+ 13. Bxd3 Ke7 14. Kf2 g5 15. hxg5 hxg5 16. Rxh8 Rxh8 17. Ne2 Nd7 18. Ng3 g4 19. a3 {[%emt 0:11:55] The position is equal.} Nc5 20. Rh1 Rg8 21. Be2 gxf3 22. gxf3 Na4 23. b3 Nc3 {[%emt 0:00:13][%cal Og8g3] [#] Hoping for ...Rxg3!} 24. Bd3 a5 25. Ne2 Nxe2 26. Bxe2 $11 {[%emt 0:00:06][%mdl 4096] Endgame. KRB-KRB} Kd6 27. b4 Ra8 28. Rd1+ Kc7 29. c3 axb4 30. axb4 Ra3 31. Rc1 Kb6 32. Ke3 c5 33. bxc5+ Kxc5 34. Kd2 b5 35. Rb1 Bb3 36. Rb2 f6 37. Bd3 Kc6 38. Bc2 Bf7 39. Bd3 Ra5 40. Be2 Kc5 41. Bd3 Be8 42. Ke3 Ra8 43. Kd2 Ra5 44. Ke3 Bf7 45. Kd2 Bc4 46. Bxc4 Kxc4 {[%emt 0:00:07] KR-KR} 47. Rb4+ Kc5 48. Kd3 Ra3 49. Rb1 Ra2 50. Rb4 Ra1 51. Rb2 Rd1+ 52. Ke2 Rh1 {[%emt 0:00:54] [#] ( -> ...Rh2+)} 53. Kd3 Rh8 54. Rb4 Ra8 55. Rb2 Ra4 56. Rb1 f5 57. exf5 {[%emt 0:01:11][%cal Ob1b4] aiming for Rb4!} Rf4 58. Ke3 Rxf5 59. Rb4 Rf8 60. Re4 Rd8 61. Rxe5+ Kc4 62. Ke2 Rf8 {[%emt 0:01:36] Not much happened in this game.   Weighted Error Value: White=0.04 (flawless) /Black=0.02 (flawless) .  Inaccurate:     	White=1     	Black=1      OK:         	White=20    	Black=14     Best:        	---       	Black=1} 1/2-1/2

[Event "Polish Ekstraliga 2024"]
[Site "Walbrzych"]
[Date "2024.10.10"]
[Round "4.1"]
[White "Erdogmus, Yagiz Kaan"]
[Black "Janik, Igor"]
[Result "1/2-1/2"]
[ECO "E12"]
[WhiteElo "2601"]
[BlackElo "2501"]
[Annotator "RC"]
[PlyCount "86"]
[EventDate "2024.10.05"]
[EventType "team-tourn"]
[EventCountry "POL"]
[SourceTitle "playchess.com"]
[Source "ChessBase"]
[SourceQuality "1"]
[WhiteTeam "Legnica"]
[BlackTeam "Gorzow Wlkp"]
[TimeControl "40/5400+30:1800+30"]

1. d4 Nf6 2. c4 e6 3. Nf3 b6 4. a3 Ba6 5. Qc2 Bb7 6. Nc3 c5 7. Bf4 Bxf3 8. exf3 Nc6 9. d5 Nd4 10. Qd1 e5 11. Be3 Bd6 12. Bd3 O-O 13. O-O Ne8 14. Re1 f5 15. g3 g6 16. Nb5 Nxb5 17. cxb5 f4 18. Bd2 fxg3 19. hxg3 Ng7 20. Bh6 Rf7 21. Kg2 Qf6 22. Be4 Nf5 23. Rh1 Nd4 24. Rh3 Rc8 25. g4 Bf8 26. Be3 Nxb5 27. d6 Nd4 28. Bxd4 cxd4 29. Bd5 Rc5 30. Ba2 Rc6 31. Qe2 Rxd6 32. Bxf7+ Kxf7 33. Rxh7+ Kg8 34. Rah1 d3 35. Qe4 Rd4 36. Qa8 d2 37. Rh8+ Qxh8 38. Rxh8+ Kxh8 39. Qxf8+ Kh7 40. Qe7+ Kg8 41. Qe8+ Kh7 42. Qf7+ Kh8 43. Qf6+ Kh7 1/2-1/2

[Event "Polish Ekstraliga 2024"]
[Site "Walbrzych"]
[Date "2024.10.10"]
[Round "4.4"]
[White "Koziorowicz, Michal"]
[Black "Heberla, Bartlomiej"]
[Result "0-1"]
[ECO "C58"]
[WhiteElo "2289"]
[BlackElo "2501"]
[Annotator "RC"]
[PlyCount "94"]
[EventDate "2024.10.05"]
[EventType "team-tourn"]
[EventCountry "POL"]
[SourceTitle "playchess.com"]
[Source "ChessBase"]
[SourceQuality "1"]
[WhiteTeam "Gorzow Wlkp"]
[BlackTeam "Legnica"]
[TimeControl "40/5400+30:1800+30"]

1. e4 e5 2. Nf3 Nc6 3. Bc4 Nf6 4. Ng5 d5 5. exd5 Na5 6. Bb5+ Bd7 7. Qe2 Bd6 8. Nc3 O-O 9. Bxd7 Qxd7 10. a3 Be7 11. b4 Nxd5 12. Qd3 Bxg5 13. h4 Bh6 14. Qxd5 Qxd5 15. Nxd5 Nc6 16. Bb2 Rad8 17. c4 Rd7 18. O-O-O f6 19. Kc2 Nd8 20. d4 c6 21. Ne3 Bxe3 22. fxe3 exd4 23. exd4 Ne6 24. Rd2 Rfd8 25. Rhd1 h5 26. a4 a6 27. a5 Kf7 28. Kc3 Nc7 29. Re2 Ne6 30. Red2 Nc7 31. Re2 Ne8 32. Bc1 Nd6 33. Be3 Re8 34. Rde1 Rde7 35. Kd3 Re4 36. g3 R8e7 37. d5 cxd5 38. cxd5 R7e5 39. Bc5 Rxd5+ 40. Kc3 Rde5 41. Re3 Rxe3+ 42. Rxe3 Ne4+ 43. Kc4 Nxc5 44. Rxe5 fxe5 45. Kxc5 Ke6 46. b5 axb5 47. Kxb5 e4 0-1

[Event "Polish Ekstraliga 2024"]
[Site "Walbrzych"]
[Date "2024.10.10"]
[Round "4.5"]
[White "Bobras, Piotr"]
[Black "Rog, Bartlomiej"]
[Result "1/2-1/2"]
[ECO "C60"]
[WhiteElo "2428"]
[BlackElo "2257"]
[Annotator "RC"]
[PlyCount "68"]
[EventDate "2024.10.05"]
[EventType "team-tourn"]
[EventCountry "POL"]
[SourceTitle "playchess.com"]
[Source "ChessBase"]
[SourceQuality "1"]
[WhiteTeam "Legnica"]
[BlackTeam "Gorzow Wlkp"]
[TimeControl "40/5400+30:1800+30"]

1. e4 e5 2. Nf3 Nc6 3. Bb5 Nge7 4. Nc3 Ng6 5. d4 Nxd4 6. Nxd4 exd4 7. Qxd4 c6 8. Be2 Qb6 9. Qd3 Be7 10. O-O O-O 11. a4 d6 12. a5 Qc7 13. Be3 Kh8 14. f4 f5 15. Qd2 fxe4 16. Nxe4 d5 17. Ng3 Bd6 18. Ra4 Bd7 19. Rd4 Bc5 20. f5 Bxd4 21. Bxd4 Ne5 22. Qc3 Rae8 23. Bh5 Kg8 24. Bxe8 Rxe8 25. Nh5 Ng4 26. g3 Re4 27. f6 gxf6 28. h3 Be8 29. Nf4 c5 30. hxg4 Rxd4 31. Ne6 Qe5 32. Nxd4 cxd4 33. Qf3 Bg6 34. Qf2 Kg7 1/2-1/2

[Event "Polish Ekstraliga 2024"]
[Site "Walbrzych"]
[Date "2024.10.10"]
[Round "4.8"]
[White "Wojtaszek, Radoslaw"]
[Black "Navara, David"]
[Result "1/2-1/2"]
[ECO "E06"]
[WhiteElo "2673"]
[BlackElo "2683"]
[Annotator "TA"]
[PlyCount "35"]
[EventDate "2024.10.05"]
[EventType "team-tourn"]
[EventCountry "POL"]
[SourceTitle "playchess.com"]
[Source "ChessBase"]
[SourceQuality "1"]
[WhiteTeam "Bydgoszcz"]
[BlackTeam "Katowice"]
[TimeControl "40/5400+30:1800+30"]

1. d4 Nf6 2. c4 e6 3. Nf3 d5 4. g3 Be7 5. Bg2 O-O 6. Nc3 Nbd7 7. Qd3 b6 8. cxd5 Nxd5 9. O-O Bb7 10. Rd1 Nxc3 11. Qxc3 Rc8 12. Be3 Bd5 13. Rac1 {[%emt 0:08:56] Die Stellung ist ausgeglichen.} c5 14. dxc5 Bxc5 15. Bxc5 Rxc5 16. Qd4 Qa8 17. Rxc5 Nxc5 18. Ne1 {[%emt 0:02:47] Ein ziemlich ruhiges Remis.   Gewichteter Fehlerwert: Weiß=0.01 (makellos) /Schwarz=0.01 (makellos) .  OK:         	Weiß=6     	Schwarz=3} 1/2-1/2

[Event "Polish Ekstraliga 2024"]
[Site "Walbrzych"]
[Date "2024.10.10"]
[Round "4.9"]
[White "Piorun, Kacper"]
[Black "Teclaf, Pawel"]
[Result "1/2-1/2"]
[ECO "C43"]
[WhiteElo "2581"]
[BlackElo "2552"]
[Annotator "RC"]
[PlyCount "38"]
[EventDate "2024.10.05"]
[EventType "team-tourn"]
[EventCountry "POL"]
[SourceTitle "playchess.com"]
[Source "ChessBase"]
[SourceQuality "1"]
[WhiteTeam "Katowice"]
[BlackTeam "Bydgoszcz"]
[TimeControl "40/5400+30:1800+30"]

1. e4 e5 2. Nf3 Nf6 3. d4 Nxe4 4. Bd3 d5 5. Nxe5 Nd7 6. Nc3 Nxc3 7. bxc3 Bd6 8. O-O O-O 9. Re1 c5 10. Qf3 c4 11. Bf5 Nxe5 12. dxe5 Bc5 13. Bxc8 Rxc8 14. Rb1 b6 15. Be3 Bxe3 16. Rxe3 d4 17. cxd4 Qxd4 18. Rd1 Qb2 19. Qe4 Rcd8 1/2-1/2

[Event "Polish Ekstraliga 2024"]
[Site "Walbrzych"]
[Date "2024.10.10"]
[Round "4.10"]
[White "Nasuta, Grzegorz"]
[Black "Klimkowski, Jan"]
[Result "1/2-1/2"]
[ECO "C58"]
[WhiteElo "2545"]
[BlackElo "2477"]
[Annotator "RC"]
[PlyCount "65"]
[EventDate "2024.10.05"]
[EventType "team-tourn"]
[EventCountry "POL"]
[SourceTitle "playchess.com"]
[Source "ChessBase"]
[SourceQuality "1"]
[WhiteTeam "Bydgoszcz"]
[BlackTeam "Katowice"]
[TimeControl "40/5400+30:1800+30"]

1. e4 e5 2. Nf3 Nc6 3. Bc4 Nf6 4. Ng5 d5 5. exd5 Na5 6. Bb5+ c6 7. dxc6 bxc6 8. Qf3 cxb5 9. Qxa8 Qc7 10. Qf3 Nc6 11. c3 Bg4 12. Qg3 Nd4 13. Na3 Ne2 14. Qd3 Nf4 15. Qxb5+ Bd7 16. Qc4 Qb7 17. f3 Bxa3 18. bxa3 O-O 19. O-O Bb5 20. Qb3 Qa6 21. d3 Nxd3 22. Nh3 Bc4 23. Qc2 Nd5 24. Nf2 f5 25. Nxd3 Bxd3 26. Qd1 Qc4 27. Rf2 Re8 28. Qb3 Qc6 29. c4 Bxc4 30. Qd1 Qc5 31. Bb2 Nf4 32. Rc1 Rc8 33. Rxc4 1/2-1/2